 Dungeon Crawl Stone Soup version 0.25.1-2-g60ff931df9 (webtiles) character file.

Game seed: 8247540155501151797

32799 Martska the Warrior (level 13, -6/149 HPs)
             Began as an Ogre Hunter on Oct 17, 2020.
             Was an Elder of Trog.
             Mangled by a death yak (20 damage)
             ... on level 4 of the Lair of Beasts.
             The game lasted 00:49:40 (17493 turns).

Martska the Warrior (Ogre Hunter)                  Turns: 17493, Time: 00:49:41

Health: -6/149     AC: 14    Str: 23    XL:     13   Next: 66%
Magic:  18/18      EV: 12    Int: 12    God:    Trog [****..]
Gold:   1032       SH:  0    Dex:  9    Spells: 12/12 levels left

rFire    . . .     SeeInvis .   G - +0 giant spiked club
rCold    . . .     Gourm    .   (shield currently unavailable)
rNeg     + . .     Faith    .   O - +0 steam dragon scales
rPois    .         Spirit   .   (helmet restricted)
rElec    .         Reflect  .   W - +2 cloak
rCorr    .         Harm     .   (gloves unavailable)
MR       +....                  (boots unavailable)
Stlth    +.........             e - amulet of regeneration
HPRegen  0.74/turn              q - ring of positive energy
MPRegen  0.16/turn              x - +4 ring of protection

@: berserk cooldown, slowed, very slow
A: large, unfitting armour, tough skin 1
a: Berserk, Trog's Hand, Brothers in Arms, Renounce Religion


You were on level 4 of the Lair of Beasts.
You worshipped Trog.
Trog was greatly pleased with you.
You were not hungry.

You visited 3 branches of the dungeon, and saw 17 of its levels.
You also visited: Bailey.

You collected 1032 gold pieces.

Inventory:

Hand Weapons
 j - a +2 short sword of electrocution
 C - a +2 whip of flaming
 G - a +0 giant spiked club (weapon)
Missiles
 d - a throwing net
 T - a silver boomerang
 Y - 13 large rocks (quivered)
Armour
 k - a +0 troll leather armour
 O - +0 steam dragon scales (worn)
 W - a +2 cloak (worn)
Magical Staves
 l - an uncursed staff of air {unknown}
Jewellery
 b - an uncursed amulet of magic regeneration
 e - an amulet of regeneration (around neck)
 g - an uncursed ring of protection from magic
 q - a ring of positive energy (left hand)
 r - an uncursed amulet of guardian spirit
 x - a +4 ring of protection (right hand)
 y - an uncursed ring of protection from fire
 A - an uncursed ring of ice
 B - an uncursed ring of resist corrosion
 I - an uncursed ring of fire
Wands
 a - a wand of flame (27)
 c - a wand of acid (14)
 m - a wand of disintegration (12)
 F - a wand of polymorph (8)
 K - a wand of iceblast (13)
 R - a wand of clouds (10)
 S - a wand of paralysis (8)
 X - a wand of digging (8)
Scrolls
 t - a scroll of magic mapping
 v - a scroll of teleportation
 w - 12 scrolls of remove curse
 D - 3 scrolls of amnesia {unknown}
 E - 3 scrolls of silence {unknown}
 H - 2 scrolls of blinking {unknown}
 L - a scroll of fog
 P - a scroll of torment {unknown}
Potions
 h - 6 potions of stabbing
 i - 2 potions of flight
 o - a potion of resistance {unknown}
 p - 16 potions of curing
 s - 2 potions of cancellation
 z - 2 potions of brilliance {unknown}
 J - 2 potions of might
 M - 3 potions of haste {unknown}
 N - a potion of degeneration {unknown}
 Q - a potion of mutation {unknown}
 Z - a potion of magic {unknown}
Comestibles
 f - 20 rations


   Skills:
 - Level 15.1 Fighting
 - Level 11.0 Maces & Flails
 - Level 10.1 Throwing
 - Level 6.3 Armour
 * Level 5.4 Dodging
 - Level 0.6 Stealth
 - Level 7.0 Evocations


You had 12 spell levels left.
You didn't know any spells.
Your spell library was empty.

Dungeon Overview and Level Annotations

Branches:
Dungeon (12/15)            Temple (1/1) D:4            Lair (4/6) D:9
 Shoals (0/4) Lair:2        Snake (0/4) Lair:4          Orc (0/2) D:12
 Bailey (visited)

Altars:
Ashenzari
Cheibriados
Dithmenos
Elyvilon
Gozag
Hepliaklqana
Kikubaaqudgha
Makhleb
Nemelex Xobeh
Okawaru
Qazlal
Ru
Sif Muna
Trog
Uskayaw
Wu Jian
Xom
Yredelemnul
Zin
The Shining One

Shops:
D:5 [   D:6 [   D:8 *   D:9 (

Annotations:
D:5 1 runed translucent door
D:10 2 transporters, Saltbearer's ghost, novice BaEn


Innate Abilities, Weirdness & Mutations

You are too large for most types of armour.
You have tough skin. (AC +1)


Message History

You feel better.
Your surroundings suddenly seem different.
The death yak bellows!
You hear an angry hiss.
Your two-headed ogre goes berserk!
You feel quite a bit more hungry. Trog will no longer gift you weapons.
The death yak gores you.
* * * LOW HITPOINT WARNING * * *
Your two-headed ogre barely misses the death yak.
Your two-headed ogre hits the death yak with a +0 giant spiked club!!
The death yak gores you!
* * * LOW HITPOINT WARNING * * *
Aiming: Paralyse
Press: ? - help, Shift-Dir - straight line, f - death yak
Aim: a death yak (moderately wounded, chance to defeat MR: 8%)
The death yak resists with almost no effort.
Your two-headed ogre hits the death yak with a +0 giant spiked club!!
Your two-headed ogre hits the death yak with a +0 giant spiked club!
The death yak gores you!!
You die...

## ##..# ##.##.....
...####...# ###.........
##....#.P.###...........
.......YS†.....$........
?#.#..Y##...........?..
...#..#.##..............
#.P...................#.
...P..#.P##PO.........#
.P##..#...YY@...P..>.##
. #. ###..#........P.#
.. ....$S....#......#
.....####.....###....P
..#.. ##...... ..... #.
........ # .....#...
.........


You could see 2 death yaks, a black mamba and a friendly two-headed ogre
(summoned, berserk).

Vanquished Creatures
  Harold (D:10)
  2 hydras
  2 death yaks (Lair:4)
  3 skeletal warriors (D:11)
  2 unseen horrors
  Pikel (D:4)
  2 cyclopes (D:11)
  An ugly thing (D:11)
  2 merfolk sirens (Lair:2)
  Maurice (D:11)
  A black mamba (Lair:3)
  6 elephants (Lair:4)
  Maggie (D:10)
  A guardian serpent (D:11)
  3 spiny frogs
  A kobold demonologist (D:11)
  7 komodo dragons
  2 trolls (D:12)
  2 merfolk (Lair:2)
  A hornet (D:12)
  6 slime creatures
  A polar bear (Lair:4)
  5 hippogriffs
  Grinder (D:5)
  The ghost of Thomus the Conjurer, an amateur DECj (D:4)
  2 basilisks
  30 yaks
  A wyvern (Lair:3)
  2 steam dragons
  A hungry ghost (D:9)
  6 nagas (Lair:4)
  2 water moccasins
  8 porcupines
  6 orc warriors
  3 ice beasts
  4 sky beasts
  A black bear (D:10)
  3 necrophages
  7 ogres
  5 centaurs
  7 crocodiles
  2 big kobolds
  2 bullfrogs
  2 scorpions
  A water moccasin skeleton (D:6)
  2 killer bees (D:10)
  2 howler monkeys
  7 wights
  5 electric eels (Lair:3)
  8 crimson imps
  A centaur zombie (D:5)
  A bullfrog zombie (D:11)
  3 jellies
  6 orc priests
  A bullfrog skeleton (D:4)
  A centaur skeleton (D:12)
  8 hounds
  A gnoll shaman (D:5)
  3 iguanas
  11 orc wizards
  13 worker ants
  A hound zombie (D:11)
  A howler monkey zombie (D:10)
  3 worker ant zombies
  3 adders
  24 gnolls
  A shadow imp (D:6)
  3 adder skeletons
  3 worms
  2 dart slugs (D:3)
  8 leopard geckos
  33 orcs
  10 bats
  6 giant cockroaches
  10 goblins
  4 hobgoblins
  17 jackals
  16 kobolds
  3 quokkas
  2 ball pythons
  3 frilled lizards
  A jackal zombie (D:7)
  A quokka skeleton (D:2)
  6 rats
385 creatures vanquished.

Vanquished Creatures (collateral kills)
  2 skeletal warriors (D:11)
  A spiny frog (Lair:1)
  3 slime creatures (D:12)
  2 yaks (Lair:1)
  2 crocodiles
  A bullfrog (Lair:4)
  2 orcs (D:12)
13 creatures vanquished.

Vanquished Creatures (others)
  Fannar (D:10)
  4 killer bees (D:10)
  An iguana (D:4)
  5 fungi
  21 plants
  6 toadstools (D:2)
38 creatures vanquished.

Grand Total: 436 creatures vanquished

Notes
Turn   | Place    | Note
-------+----------+-------------------------------------------
     0 | D:1      | Martska the Ogre Hunter began the quest for the Orb.
     0 | D:1      | Reached XP level 1. HP: 22/22 MP: 1/1
     0 | D:1      | Noticed an ogre
     2 | D:1      | Noticed a naga
     8 | D:1      | Noticed a felid
    12 | D:1      | Noticed a gargoyle
    12 | D:1      | Noticed a ghoul
    18 | D:1      | Noticed a naga
   338 | D:1      | Reached skill level 3 in Fighting
   401 | D:1      | Reached XP level 2. HP: 31/31 MP: 2/2
   735 | D:2      | Reached XP level 3. HP: 36/37 MP: 3/3
   769 | D:2      | Reached skill level 1 in Maces & Flails
  1053 | D:2      | Reached XP level 4. HP: 48/48 MP: 4/4
  1121 | D:2      | Found a faded altar of an unknown god.
  1364 | D:2      | Found a glowing golden altar of the Shining One.
  1377 | D:2      | Reached skill level 4 in Fighting
  1518 | D:2      | Found an ancient bone altar of Kikubaaqudgha.
  1521 | D:2      | Found a sparkling altar of Nemelex Xobeh.
  1524 | D:2      | Found a shadowy altar of Dithmenos.
  1760 | D:3      | Reached XP level 5. HP: 46/55 MP: 5/5
  1908 | D:3      | Reached skill level 5 in Throwing
  2175 | D:3      | Reached skill level 5 in Fighting
  2183 | D:3      | Reached XP level 6. HP: 42/66 MP: 6/6
  2521 | D:4      | Found a transporter.
  2526 | D:4      | Found a transporter.
  2571 | D:4      | Noticed Pikel
  2576 | D:4      | Noticed a slave
  2576 | D:4      | Noticed a slave
  2584 | D:4      | Killed Pikel
  2584 | D:4      | Reached skill level 7 in Fighting
  2584 | D:4      | Reached XP level 7. HP: 40/78 MP: 7/7
  2726 | D:4      | Reached XP level 8. HP: 19/87 MP: 8/8
  2922 | D:4      | Found a staircase to the Ecumenical Temple.
  2936 | Temple   | Entered the Ecumenical Temple
  2990 | Temple   | Became a worshipper of Trog the Wrathful
  3347 | D:4      | Noticed Thomus's ghost (amateur DECj)
  3458 | D:4      | Killed Thomus's ghost
  3707 | D:5      | Entered Level 5 of the Dungeon
  3721 | D:4      | Reached skill level 5 in Maces & Flails
  3730 | D:5      | Reached skill level 8 in Fighting
  3815 | D:5      | Found Moqusoc's Armour Boutique.
  3845 | D:5      | Found a glowing golden altar of the Shining One.
  3846 | D:5      | Found a runed translucent door.
  3846 | D:5      | Noticed an angel
  4035 | D:5      | Noticed Grinder
  4041 | D:5      | Killed Grinder
  4092 | D:5      | Reached * piety under Trog
  4187 | D:6      | Reached skill level 9 in Fighting
  4187 | D:6      | Reached XP level 9. HP: 95/98 MP: 9/9
  5165 | D:6      | Found Jecumoim's Armour Boutique.
  5209 | D:6      | Reached skill level 10 in Fighting
  5673 | D:6      | Reached ** piety under Trog
  5949 | D:7      | Found an opulent altar of Gozag.
  5985 | D:7      | Reached skill level 1 in Evocations
  6223 | D:7      | Reached XP level 10. HP: 102/110 MP: 11/11
  6447 | D:7      | Reached skill level 11 in Fighting
  6640 | D:7      | Found a shimmering blue altar of Sif Muna.
  6840 | D:8      | Found a flagged portal.
  6859 | Bailey   | Entered a bailey
  7089 | D:8      | Found Jawnu's General Store.
  7129 | D:8      | Found a snail-covered altar of Cheibriados.
  7135 | D:8      | Found a shimmering blue altar of Sif Muna.
  7176 | D:8      | Found a sacrificial altar of Ru.
  7714 | D:9      | Found a glowing golden altar of the Shining One.
  7876 | D:9      | Found Waggof's Weapon Shop.
  7958 | D:9      | Found a staircase to the Lair.
  8270 | D:10     | Entered Level 10 of the Dungeon
  8320 | D:10     | Reached *** piety under Trog
  8339 | D:10     | Noticed Harold
  8510 | D:10     | Killed an unseen horror
  8510 | D:10     | Reached skill level 12 in Fighting
  9029 | D:9      | Reached XP level 11. HP: 66/122 MP: 14/14
  9246 | D:10     | Noticed Fannar
  9256 | D:10     | Killed Fannar
  9310 | D:11     | Noticed a purple ugly thing
  9471 | D:10     | Found a transporter.
  9472 | D:10     | Found a transporter.
  9529 | D:10     | Noticed Saltbearer's ghost (novice BaEn)
  9553 | D:10     | Killed Harold
  9575 | D:10     | Reached skill level 5 in Evocations
  9874 | D:10     | Noticed Maggie
  9886 | D:10     | Killed Maggie
 10149 | D:10     | Reached skill level 13 in Fighting
 10154 | D:10     | Reached **** piety under Trog
 10327 | D:11     | Noticed a cyclops
 10336 | D:11     | Killed a cyclops
 10543 | D:11     | Noticed a cyclops
 10549 | D:11     | Killed a cyclops
 10646 | D:11     | Noticed Maurice
 10806 | D:11     | Killed a purple ugly thing
 11286 | D:11     | Killed Maurice
 11655 | D:11     | Killed an unseen horror
 11655 | D:11     | Reached XP level 12. HP: 90/137 MP: 16/16
 12273 | D:11     | Reached skill level 10 in Maces & Flails
 12277 | D:11     | Reached skill level 14 in Fighting
 12861 | D:12     | Noticed a seven-headed hydra
 12928 | D:12     | Killed a seven-headed hydra
 13077 | D:12     | Reached skill level 10 in Throwing
 13402 | D:12     | Found a staircase to the Orcish Mines.
 13786 | Lair:1   | Entered Level 1 of the Lair of Beasts
 13799 | D:9      | Reached skill level 1 in Armour
 14246 | Lair:1   | HP: 8/210 [komodo dragon (8)]
 14801 | Lair:1   | Reached XP level 13. HP: 148/148 MP: 18/18
 14914 | Lair:2   | Reached skill level 5 in Armour
 15014 | Lair:2   | Found a staircase to the Shoals.
 15896 | Lair:3   | Found a hazy altar of Hepliaklqana.
 16048 | Lair:3   | Reached ***** piety under Trog
 16529 | Lair:3   | Reached skill level 15 in Fighting
 17394 | Lair:4   | Received a gift from Trog
 17402 | Lair:4   | Found a staircase to the Snake Pit.
 17470 | Lair:4   | Reached skill level 5 in Dodging
 17493 | Lair:4   | Mangled by a death yak

Illustrated notes

Levels and vault maps discovered:
D:1:      shiori_arrival_whats_in_store_for_you, layout_basic
D:2:      layout_loops_corners, grunt_temple_overflow_cloverleaf,
          chequers_ecumenical_altar_lobes, minmay_gold_behind_fungi
D:3:      layout_rooms, serial_corexii_hall, corexii_hall_statues_l,
          corexii_hall_statues_t, first_ration, minmay_between
D:4:      layout_gridville, minmay_temple_entry_trees,
          gammafunk_ghost_gnarly_gnolls, minivault_14,
          chequers_serial_rivers_room_a, uniq_pikel
D:5:      layout_basic, serial_shops, shop, lemuel_angel_altar, uniq_grinder
D:6:      layout_gridville, serial_shops, shop, cheibrodos_sewer_entry_sluice,
          serial_bayou_crossing
D:7:      kennysheep_orc_sif_temple, layout_basic, basic_altar,
          grunt_decor_clamped, kennysheep_decorative_pillar
D:8:      layout_gridville, led_sif_book, lemuel_crystal_altar, basic_altar,
          serial_shops, shop, enter_bailey_3, the_bakery,
          nicolae_ru_sacrificial_ziggurat
D:9:      layout_cave_pools, amethyst_overflow_temple_binary,
          david_lair_shrubbed, serial_shops, nicolae_shop_waterfront,
          basic_altar
D:10:     layout_loops_ring, gammafunk_ghost_hive, lemuel_old_faithful,
          uniq_maggie, uniq_harold, uniq_fannar
D:11:     layout_roguey, dk_noncrumbling_3, nrook_guardian_serpent_double,
          uniq_maurice
D:12:     layout_irregular_city, orc_0_dummy
Temple:   jpeg_temple_clearing
Lair:1:   layout_roguey
Lair:2:   layout_regular_city, elwin_shoals_entry_stream,
          infiniplex_staircase_pool_2
Lair:3:   layout_concentric_octagons, basic_altar, st_stairs_3,
          serial_bayou_pond_a, chequers_serial_rivers_room_b, minivault_23,
          serial_bayou_lagoon_a, minivault_27, beast_lair_carwin_2,
          serial_bayou_shore_a, serial_bayou_shore_b, infiniplex_staircase_pool
Lair:4:   cheibrodos_lair_overgrown_chateau, layout_misc_corridors,
          minmay_snake_entry_guardpost_medium

Skill      XL: |  1  2  3  4  5  6  7  8  9 10 11 12 13 |
---------------+----------------------------------------+-----
Dodging        | 2 5 |  5.4
Fighting       | 3 4 5 7 9 10 12 13 14 15 | 15.1
Maces & Flails | 1 2 4 5 7 8 9 10 11 | 11.0
Throwing       | 5 6 7 8 9 10 | 10.1
Evocations     | 1 4 6 7 |  7.0
Armour         | 4 6 |  6.3
Stealth        | |  0.6

Action                   |  1- 3 |  4- 6 |  7- 9 | 10-12 | 13-15 || total
-------------------------+-------+-------+-------+-------+-------++-------
Melee: Short sword       |    83 |   163 |       |       |       ||   246
       Whip              |       |       |   267 |    13 |       ||   280
       Giant spiked club |       |       |    85 |   656 |   211 ||   952
Throw: Large rock        |       |     8 |    23 |    14 |    15 ||    60
       Throwing net      |       |       |       |     7 |       ||     7
Invok: Berserk           |       |       |     2 |    22 |     6 ||    30
       Brothers in Arms  |       |       |       |     4 |     3 ||     7
Evoke: Wand              |       |       |       |     3 |     3 ||     6
  Use: Scroll            |       |       |     6 |    11 |     5 ||    22
       Potion            |       |       |       |     2 |     4 ||     6
 Stab: Sleeping          |     2 |     1 |       |       |       ||     3
       Held in net/web   |       |       |       |     3 |       ||     3
  Eat: Chunk             |     1 |     1 |     7 |    32 |    15 ||    56
       Ration            |       |     1 |     2 |     6 |     1 ||    10
Armor: Robe              |    35 |    88 |   154 |   329 |       ||   606
       Troll leather arm |       |       |       |    36 |    50 ||    86
       Steam dragon scal |       |       |       |       |    72 ||    72
Dodge: Dodged            |    50 |   106 |   217 |   409 |   124 ||   906
